 Dungeon Crawl Stone Soup version 0.22-a0-402-ga933591 (webtiles) character file.

7233 Mgcat the Grappler (level 10, -10/107 HPs)
             Began as a Troll Berserker on May 7, 2018.
             Was an Elder of Trog.
             Mangled by Sonja
             ... wielding a +2 short sword of draining
              (11 damage)
             ... on level 10 of the Dungeon.
             The game lasted 00:19:59 (7538 turns).

Mgcat the Grappler (Troll Berserker)                Turns: 7538, Time: 00:20:00

Health: -10/107    AC:  8    Str: 32    XL:     10   Next: 88%
Magic:  9/9        EV: 11    Int:  4    God:    Trog [****..]
Gold:   28         SH:  8    Dex: 15    Spells: 9/9 levels left

rFire    + . .     SeeInvis .   (no weapon)
rCold    . . .     Gourm    +   x - +0 shield
rNeg     . . .     Faith    .   e - +0 animal skin
rPois    .         Spirit   .   (helmet restricted)
rElec    .         Reflect  .   a - +1 cloak
rCorr    .         Harm     .   (gloves unavailable)
MR       .....                  (boots unavailable)
Stlth    ++........             t - amulet of the acrobat
HPRegen  0.67/turn              E - ring of Xitzacs {rF+ AC+1 Slay+2}
MPRegen  0.11/turn              v - +4 ring of strength

@: agile, berserk cooldown, slowed, extremely drained, very slow
A: large, unfitting armour, claws 3, fast metabolism 3, gourmand, regeneration
1, shaggy fur 1, tough skin 2
a: Berserk, Trog's Hand, Brothers in Arms, Renounce Religion


You were on level 10 of the Dungeon.
You worshipped Trog.
Trog was greatly pleased with you.
You were full.

You visited 1 branch of the dungeon, and saw 10 of its levels.

You collected 453 gold pieces.
You spent 425 gold pieces at shops.

Inventory:

Hand Weapons
 q - a +1 mace
   (You found it on level 2 of the Dungeon)
Armour
 a - a +1 cloak (worn)
   (You took it off Crazy Yiuf on level 2 of the Dungeon)
 e - a +0 animal skin (worn)
 x - a +0 shield (worn)
   (You found it on level 6 of the Dungeon)
Jewellery
 l - an uncursed amulet of guardian spirit {Spirit}
   (You found it on level 1 of the Dungeon)
 t - an amulet of the acrobat (around neck)
   (You found it on level 4 of the Dungeon)
 v - a +4 ring of strength (right claw)
   (You found it on level 4 of the Dungeon)
 D - an uncursed ring of resist corrosion
   (You found it on level 9 of the Dungeon)
 E - the ring of Xitzacs (left claw) {rF+ AC+1 Slay+2}
   (You bought it in a shop on level 7 of the Dungeon)

   [ring of protection]

   It affects your AC (+1).
   It affects your accuracy and damage with ranged weapons and melee attacks
   (+2).
   It protects you from fire.
Wands
 w - a wand of iceblast (5)
   (You found it on level 4 of the Dungeon)
 y - a wand of random effects (23)
   (You found it on level 7 of the Dungeon)
Scrolls
 c - 2 scrolls of fear {unknown}
 d - a scroll of fog
 f - 2 scrolls of identify
 h - 8 scrolls of remove curse
 i - a scroll of random uselessness {unknown}
 k - 4 scrolls of teleportation {unknown}
 p - 2 scrolls of enchant armour
 s - a scroll of magic mapping {unknown}
Potions
 g - a potion of brilliance {unknown}
 m - 3 potions of magic
 n - a potion of heal wounds
 o - 2 potions of curing
 r - a potion of might {unknown}
 u - a potion of mutation {!q}
 z - a potion of flight
 A - a potion of degeneration {!q}
 B - a potion of lignification {unknown}
 F - 2 potions of cancellation {unknown}
Comestibles
 b - 21 rations


   Skills:
 + Level 9.1(0.0) Fighting
 + Level 5.6(0.0) Dodging
 + Level 4.7(0.0) Shields
 + Level 10.7(0.0) Unarmed Combat


You had 9 spell levels left.
You didn't know any spells.

Dungeon Overview and Level Annotations

Branches:
Dungeon (10/15)            Temple (0/1) D:7            Lair (0/6) D:9
    Orc: D:9-12

Altars:
Ashenzari
Cheibriados
Elyvilon
Fedhas
Okawaru
Ru
Vehumet
Wu Jian
Xom
Yredelemnul
Zin

Shops:
D:6 ([   D:7 =:![[

Annotations:
D:10 Sonja


Innate Abilities, Weirdness & Mutations

You are too large for most types of armour.
You have claws for hands.
Your metabolism is lightning-fast.
You like to eat raw meat.
Your natural rate of healing is unusually fast.
You are covered in fur. (AC +1)
You have very tough skin. (AC +2)


Message History

You are no longer poisoned.
Sonja hits you with an uncursed short sword of draining.
You feel drained. Sonja hits you but does no damage.
You feel drained. You block Sonja's attack.
Sonja hits you with an uncursed short sword of draining.
You feel drained. Sonja barely misses you.
Sonja hits you with an uncursed short sword of draining.
* * * LOW HITPOINT WARNING * * *
You feel drained.
* * * LOW HITPOINT WARNING * * *
You feel better.
Sonja hits you with an uncursed short sword of draining.
You feel drained. You block Sonja's attack. x2
Sonja says, "If only old Madame Brzewit could see me now!"
Sonja hits you with an uncursed short sword of draining.
You feel drained. Sonja barely misses you. Sonja hits you but does no damage.
You feel drained.
You feel much better.
Sonja hits you with an uncursed short sword of draining.
You feel drained. Sonja hits you but does no damage.
You feel drained. Sonja hits you but does no damage.
You feel drained.
Sonja hits you with an uncursed short sword of draining.
You feel drained. You block Sonja's attack. Sonja hits you but does no damage.
You feel drained.
You feel agile all of a sudden.
Sonja hits you with an uncursed short sword of draining.
You feel drained. Sonja hits you but does no damage.
You feel drained.
Sonja hits you with an uncursed short sword of draining.
You feel drained.
Sonja hits you with an uncursed short sword of draining.
You feel drained. Sonja closely misses you.
Sonja hits you with an uncursed short sword of draining.
You feel drained.
You completely miss Sonja.
Sonja is moderately wounded.
You block Sonja's attack. Sonja hits you but does no damage.
You feel drained. Sonja closely misses you.
Sonja casts a spell.
Sonja blinks!
Sonja bows elegantly.
You block Sonja's attack. Sonja closely misses you.
Sonja hits you with an uncursed short sword of draining.
You feel drained.
You miss Sonja.
Sonja is moderately wounded.
Sonja barely misses you. You block Sonja's attack. Sonja completely misses you.
Sonja hits you with an uncursed short sword of draining!
* * * LOW HITPOINT WARNING * * *
You feel drained.
* * * LOW HITPOINT WARNING * * *
You block Sonja's attack.
Sonja hits you with an uncursed short sword of draining!
* * * LOW HITPOINT WARNING * * *
You feel drained.
* * * LOW HITPOINT WARNING * * *
You block Sonja's attack. Sonja barely misses you. x2
Sonja mumbles some strange words.
Sonja blinks!
Sonja closely misses you. x2; Sonja barely misses you.
Sonja closely misses you. You block Sonja's attack.
Sonja completely misses you.
You block Sonja's attack. x2; Sonja barely misses you.
Sonja plants her feet in a plie.
Sonja closely misses you. Sonja completely misses you. x2
You miss Sonja.
Sonja is lightly wounded.
You block Sonja's attack. Sonja hits you but does no damage.
You feel drained.
Sonja hits you with an uncursed short sword of draining.
* * * LOW HITPOINT WARNING * * *
You feel drained.
* * * LOW HITPOINT WARNING * * *
Sonja completely misses you. Sonja hits you but does no damage.
You feel drained. You block Sonja's attack. You block Sonja's attack.
Sonja barely misses you. Sonja completely misses you.
You closely miss Sonja.
Sonja is lightly wounded.
Sonja barely misses you. Sonja closely misses you.
Sonja hits you but does no damage.
You feel drained.
Sonja hits you with an uncursed short sword of draining.
* * * LOW HITPOINT WARNING * * *
You feel drained. You block Sonja's attack. x2
Sonja hits you with an uncursed short sword of draining!
* * * LOW HITPOINT WARNING * * *
You feel drained.
* * * LOW HITPOINT WARNING * * *
Sonja hits you with an uncursed short sword of draining.
* * * LOW HITPOINT WARNING * * *
You feel drained.
* * * LOW HITPOINT WARNING * * *
Sonja barely misses you. Sonja completely misses you. Sonja barely misses you.
Sonja completely misses you.
There is a stone staircase leading up here.
Sonja hits you with an uncursed short sword of draining.
* * * LOW HITPOINT WARNING * * *
You feel drained.
* * * LOW HITPOINT WARNING * * *
Sonja misses you. Sonja hits you but does no damage.
You feel drained.
Sonja hits you with an uncursed short sword of draining!
You die...

...........
.(....... .......
#...# #...#
########...######..
#.....(.((......?..
#..........(.......
#.@........#######.
#.K........#
#..........#
#..........#####
#...............
#...............
#...............
#.........(.....
######...####..#


You could see Sonja.

Vanquished Creatures
  A two-headed ogre (D:8)
  The ghost of Totori the Skirmisher, a novice DrGl of Okawaru (D:6)
  Pikel (D:8)
  The ghost of KristoblXynda the Ruffian, an amateur TrWz of Cheibriados (D:4)
  8 yaks (D:9)
  Menkaure (D:5)
  A water moccasin (D:9)
  An ice beast (D:5)
  2 porcupines (D:9)
  2 orc warriors
  A black bear (D:9)
  A phantom (D:8)
  3 sky beasts
  2 ogres
  2 centaurs
  5 crocodiles
  A gnoll sergeant (D:6)
  A bullfrog (D:5)
  A wyvern skeleton (D:7)
  A water moccasin skeleton (D:5)
  A water moccasin zombie (D:4)
  2 scorpions
  6 killer bees (D:7)
  9 wights
  3 howler monkeys
  4 crimson imps
  2 hounds (D:8)
  A bullfrog zombie (D:5)
  3 orc priests
  Crazy Yiuf (D:2)
  9 orc wizards
  2 bullfrog skeletons (D:4)
  3 centaur skeletons
  2 iguanas
  6 worker ants
  A killer bee zombie (D:8)
  2 hound zombies (D:7)
  A hound skeleton (D:4)
  3 worker ant zombies
  Robin (D:2)
  6 adders
  8 gnolls
  2 shadow imps
  An adder skeleton (D:4)
  3 adder zombies (D:4)
  3 worms
  3 dart slugs (D:3)
  8 leopard geckos
  30 orcs
  10 bats
  6 giant cockroaches
  11 goblins
  9 hobgoblins
  11 jackals
  3 quokkas
  7 frilled lizards
  A jackal skeleton (D:6)
  8 kobolds
  A leopard gecko skeleton (D:6)
  A quokka skeleton (D:4)
  2 quokka zombies (D:4)
  9 rats
242 creatures vanquished.

Vanquished Creatures (others)
  A jackal (D:8)
1 creature vanquished.

Grand Total: 243 creatures vanquished

Notes
Turn   | Place    | Note
-------+----------+-------------------------------------------
     0 | D:1      | Mgcat the Troll Berserker began the quest for the Orb.
     0 | D:1      | Reached XP level 1. HP: 22/22 MP: 0/0
    78 | D:1      | Reached XP level 2. HP: 21/29 MP: 1/1
   327 | D:1      | Reached ** piety under Trog
   327 | D:1      | Reached skill level 3 in Fighting
   332 | D:1      | Reached XP level 3. HP: 35/37 MP: 2/2
   908 | D:2      | Noticed Robin
   920 | D:2      | Killed Robin
   924 | D:2      | Reached skill level 4 in Unarmed Combat
  1015 | D:2      | Found a runed door.
  1178 | D:2      | Reached XP level 4. HP: 43/45 MP: 3/3
  1672 | D:2      | Noticed Crazy Yiuf
  1680 | D:2      | Killed Crazy Yiuf
  1791 | D:3      | Reached XP level 5. HP: 54/54 MP: 4/4
  1983 | D:3      | Reached skill level 4 in Fighting
  1986 | D:3      | Reached *** piety under Trog
  2176 | D:3      | Reached skill level 5 in Unarmed Combat
  2825 | D:4      | Reached XP level 6. HP: 55/63 MP: 3/5
  2930 | D:4      | Reached skill level 5 in Fighting
  2930 | D:4      | Reached skill level 6 in Unarmed Combat
  2930 | D:4      | Reached XP level 7. HP: 42/72 MP: 3/6
  2935 | D:4      | Found a sacrificial altar of Ru.
  2943 | D:4      | Noticed KristoblXynda's ghost (amateur TrWz)
  2957 | D:4      | Killed KristoblXynda's ghost
  3225 | D:4      | Found a glowing silver altar of Zin.
  3225 | D:4      | Noticed an angel
  3535 | D:5      | Entered Level 5 of the Dungeon
  3548 | D:5      | Reached skill level 7 in Unarmed Combat
  3556 | D:5      | Reached skill level 6 in Fighting
  3566 | D:5      | Reached XP level 8. HP: 83/83 MP: 7/7
  3591 | D:5      | Reached **** piety under Trog
  3692 | D:5      | Noticed Menkaure
  3698 | D:5      | Killed Menkaure
  3788 | D:5      | Found an iron altar of Okawaru.
  3932 | D:5      | Found a basalt altar of Yredelemnul.
  4069 | D:5      | Found an ornate altar of the Wu Jian Council.
  4069 | D:5      | Found a snail-covered altar of Cheibriados.
  4070 | D:5      | Found a white marble altar of Elyvilon.
  4101 | D:5      | Reached skill level 8 in Unarmed Combat
  4289 | D:6      | Noticed Totori's ghost (novice DrGl)
  4303 | D:6      | Killed Totori's ghost
  4303 | D:6      | Reached skill level 7 in Fighting
  4389 | D:6      | Reached XP level 9. HP: 82/93 MP: 8/8
  4481 | D:6      | Found Qutyjis's Weapon Shoppe.
  4489 | D:6      | Reached skill level 9 in Unarmed Combat
  5113 | D:6      | Found Wiotu's Armour Boutique.
  5279 | D:7      | Reached skill level 3 in Dodging
  5279 | D:7      | Reached skill level 1 in Shields
  5526 | D:7      | Found a staircase to the Ecumenical Temple.
  5538 | D:7      | Found Tetoho Cais's Distillery.
  5545 | D:7      | Found Xegaopsu's Book Shop.
  5545 | D:7      | Found Gustraw's Antique Armour Shop.
  5546 | D:7      | Bought a potion of flight for 33 gold pieces
  5546 | D:7      | Bought a potion of degeneration for 11 gold pieces
  5550 | D:7      | Found Tiptakh's Antique Armour Shop.
  5552 | D:7      | Found Eqidota's Jewellery Shop.
  5658 | D:7      | Reached skill level 8 in Fighting
  5658 | D:7      | Reached skill level 2 in Shields
  5682 | D:7      | Found a shimmering altar of Xom.
  6089 | D:8      | Found a radiant altar of Vehumet.
  6203 | D:8      | Noticed Pikel
  6212 | D:8      | Killed Pikel
  6212 | D:8      | Reached skill level 4 in Dodging
  6295 | D:8      | Reached XP level 10. HP: 104/104 MP: 9/9
  6350 | D:8      | Reached skill level 3 in Shields
  6412 | D:8      | Noticed a two-headed ogre
  6418 | D:8      | Killed a two-headed ogre
  6418 | D:8      | Reached skill level 10 in Unarmed Combat
  6570 | D:8      | Found a blossoming altar of Fedhas.
  6765 | D:9      | Reached skill level 5 in Dodging
  6765 | D:9      | Reached skill level 4 in Shields
  6826 | D:9      | Found a staircase to the Lair.
  6863 | D:9      | Reached skill level 9 in Fighting
  7021 | D:7      | Bought the ring of Xitzacs {rF+ AC+1 Slay+2} for 381 gold pieces
  7178 | D:9      | Reached ***** piety under Trog
  7249 | D:9      | Found a shattered altar of Ashenzari.
  7484 | D:10     | Entered Level 10 of the Dungeon
  7488 | D:10     | Noticed Sonja
  7526 | D:10     | HP: 20/107 [Sonja/uncursed short sword of draining (8)]
  7534 | D:10     | HP: 21/107 [Sonja/uncursed short sword of draining (5)]
  7536 | D:10     | HP: 9/107 [Sonja/uncursed short sword of draining (9)]
  7536 | D:10     | HP: 3/107 [Sonja/uncursed short sword of draining (2)]
  7538 | D:10     | HP: 1/107 [Sonja/uncursed short sword of draining (1)]
  7538 | D:10     | Mangled by Sonja

Vault maps used:
D:1:      dpeg_arrival_prison, minivault_24, minmay_hexomino_f4
D:2:      corner_web_ring, uniq_robin, uniq_crazy_yiuf_cottage
D:4:      zin_angel, serial_undead, serial_undead_c, serial_undead_a,
          serial_undead_f, serial_undead_b, serial_undead_f,
          nicolae_ru_awakened_eye
D:5:      lemuel_coloured_pillars_altar, gammafunk_temple_overflow_claw,
          first_ration, okawaru_gym_becter, uniq_menkaure
D:6:      serial_shops, kennysheep_mini_moat, shop
D:7:      xom_butterflies, minmay_temple_entry_grid, serial_shops, shop,
          minmay_shop_grid_forest
D:8:      fedhas_altar_4, basic_altar, uniq_pikel
D:9:      kennysheep_little_box, minmay_lair_entry_grove
D:10:     hiddenorc2_lemuel, uniq_sonja, uniq_nergalle

Skill      XL: |  1  2  3  4  5  6  7  8  9 10 |
---------------+-------------------------------+-----
Fighting       | 3 4 5 6 7 8 9 |  9.1
Unarmed Combat | 4 5 6 7 8 9 10 | 10.7
Dodging        | 4 5 |  5.6
Shields        | 2 4 |  4.7

Action                   |  1- 3 |  4- 6 |  7- 9 | 10-12 || total
-------------------------+-------+-------+-------+-------++-------
Melee: Unarmed           |   130 |   136 |   279 |   158 ||   703
       Punch             |     1 |     1 |     3 |       ||     5
Invok: Berserk           |       |     3 |     7 |     4 ||    14
       Trog's Hand       |       |       |     4 |     2 ||     6
  Use: Scroll            |       |       |    13 |       ||    13
       Potion            |       |       |       |     3 ||     3
 Stab: Sleeping          |       |       |     1 |       ||     1
  Eat: Chunk             |    16 |    19 |    37 |    14 ||    86
Armor: Animal skin       |    76 |    61 |    45 |    41 ||   223
Dodge: Dodged            |    73 |    59 |    94 |    81 ||   307
Block: Shield            |       |       |    42 |    87 ||   129

Table legend:
 A = Spawn XP
 B = Non-spawn XP
 C = Spawn XP percentage of total XP
 D = Spawn monster count
 E = Non-spawn monster count
 F = Spawn count percentage of total count
 G = Total turns spent on level
                    A         B        C        D         E        F      G
               +---------+---------+-------+---------+---------+-------+---------
         Total |       0 |   10334 |   0.0 |       0 |     242 |   0.0 |  7538
               +---------+---------+-------+---------+---------+-------+---------
           D:1 |       0 |      56 |   0.0 |       0 |      34 |   0.0 |   927
           D:2 |       0 |     115 |   0.0 |       0 |      21 |   0.0 |   816
           D:3 |       0 |     165 |   0.0 |       0 |      28 |   0.0 |  1052
           D:4 |       0 |     823 |   0.0 |       0 |      27 |   0.0 |   758
           D:5 |       0 |     938 |   0.0 |       0 |      26 |   0.0 |   743
           D:6 |       0 |    1204 |   0.0 |       0 |      26 |   0.0 |   968
           D:7 |       0 |    1215 |   0.0 |       0 |      26 |   0.0 |   852
           D:8 |       0 |    2418 |   0.0 |       0 |      21 |   0.0 |   548
           D:9 |       0 |    3400 |   0.0 |       0 |      33 |   0.0 |   820
               +---------+---------+-------+---------+---------+-------+---------

Vault maps used:
D:1:      dpeg_arrival_prison, minivault_24, minmay_hexomino_f4
D:2:      corner_web_ring, uniq_robin, uniq_crazy_yiuf_cottage
D:4:      zin_angel, serial_undead, serial_undead_c, serial_undead_a,
          serial_undead_f, serial_undead_b, serial_undead_f,
          nicolae_ru_awakened_eye
D:5:      lemuel_coloured_pillars_altar, gammafunk_temple_overflow_claw,
          first_ration, okawaru_gym_becter, uniq_menkaure
D:6:      serial_shops, kennysheep_mini_moat, shop
D:7:      xom_butterflies, minmay_temple_entry_grid, serial_shops, shop,
          minmay_shop_grid_forest
D:8:      fedhas_altar_4, basic_altar, uniq_pikel
D:9:      kennysheep_little_box, minmay_lair_entry_grove
D:10:     hiddenorc2_lemuel, uniq_sonja, uniq_nergalle

Table legend:
 A = Turns spent in this place as a percentage of turns spent in the entire game.
 B = Non-inter-level travel turns spent in this place as a percentage of non-inter-level travel turns spent in the entire game.
 C = Inter-level travel turns spent in this place as a percentage of turns spent in this place.
 D = Turns resting spent in this place as a percentage of non-inter-level travel turns spent in this place.
 E = Turns spent auto-exploring this place as a percentage of non-inter-level travel turns spent in this place.
 F = Non-inter-level travel turns spent in this place divided by the number of levels of this place that you've seen.
                   A       B       C       D       E      F
               +-------+-------+-------+-------+-------+----------------------
         Total | 100.0 | 100.0 |   5.5 |   0.0 |  78.2 | 712.1
       Dungeon | 100.0 | 100.0 |   5.5 |   0.0 |  78.2 | 712.1
               +-------+-------+-------+-------+-------+----------------------

Table legend:
 A = Kills in this place as a percentage of kills in entire the game.
 B = Kills by you in this place as a percentage of kills by you in the entire game.
 C = Kills by friends in this place as a percentage of kills by friends in the entire game.
 D = Other kills in this place as a percentage of other kills in the entire game.
 E = Experience gained in this place as a percentage of experience gained in the entire game.
 F = Experience gained in this place divided by the number of levels of this place that you have seen.
                   A       B       C       D       E      F
               +-------+-------+-------+-------+-------+----------------------
         Total | 100.0 | 100.0 |   N/A |   N/A | 100.0 | 1033.4
       Dungeon | 100.0 | 100.0 |   N/A |   N/A | 100.0 | 1033.4
               +-------+-------+-------+-------+-------+----------------------
